[Event "Chesscup Rapid 2020"]
[Site "Katowice"]
[Date "2020.09.13"]
[Round "4.8"]
[White "Kuzmicz, Krystian"]
[Black "Zima, Teofil"]
[Result "1-0"]
[ECO "B20"]
[WhiteElo "2468"]
[BlackElo "1897"]
[Annotator "RC"]
[PlyCount "109"]
[EventDate "2020.09.12"]
[EventType "swiss"]
[EventCountry "POL"]
[SourceTitle "playchess.com"]
[Source "ChessBase"]
[SourceQuality "1"]
[TimeControl "600+5"]

1. e4 c5 2. d3 Nc6 3. g3 g6 4. Bg2 Bg7 5. f4 e6 6. Nf3 Nge7 7. O-O O-O 8. c3 b6 9. Na3 Bb7 10. Nc2 Rc8 11. Re1 Qc7 12. Be3 Rfd8 13. Bf2 d6 14. Qd2 a6 15. g4 h6 16. Bh4 Re8 17. Bh3 b5 18. f5 exf5 19. gxf5 g5 20. Bg3 Rcd8 21. Rf1 b4 22. Nxg5 bxc3 23. bxc3 hxg5 24. f6 Bh6 25. fxe7 Nxe7 26. Ne3 c4 27. Qf2 Ng6 28. Nxc4 Nf4 29. Bxf4 gxf4 30. Rae1 f6 31. Bg2 Re7 32. Kh1 Rh7 33. Bf3 Bg5 34. Rg1 Rdd7 35. Rg2 Rdg7 36. Reg1 Kf8 37. Qd4 Rh3 38. Bg4 Re3 39. Nxe3 fxe3 40. Be6 Qc5 41. Qxc5 dxc5 42. Rxg5 fxg5 43. Re1 Re7 44. Bc4 Bxe4+ 45. dxe4 Rxe4 46. Bd5 Re5 47. c4 Ke7 48. Kg2 Kd6 49. Kf3 a5 50. Rxe3 g4+ 51. Kf4 Rxe3 52. Kxe3 Ke5 53. a4 Kf5 54. Bb7 Kg5 55. Bc8 1-0